 Dungeon Crawl Stone Soup version 0.23.2-33-g5129a83184 (webtiles) character file.

Game seed: 4532672648000848692

182 Lauz the Magician (level 5, -1/28 HPs)
             Began as a Deep Elf Wizard on July 2, 2019.
             Slain by an iguana (10 damage)
             ... on level 5 of the Dungeon.
             The game lasted 00:14:30 (4150 turns).

Lauz the Magician (Deep Elf Wizard)                 Turns: 4150, Time: 00:14:31

Health: -1/28      AC:  6    Str:  4      XL:     5   Next: 34%
Magic:  0/16       EV: 11    Int: 24      God:
Gold:   169        SH:  0    Dex: 11 (13) Spells: 6/17 levels left

rFire    . . .     SeeInvis .   (no weapon)
rCold    . . .     Gourm    .   (no shield)
rNeg     . . .     Faith    .   k - +2 leather armour {rPois}
rPois    +         Spirit   .   b - +1 hat
rElec    .         Reflect  .   (no cloak)
rCorr    .         Harm     .   (no gloves)
MR       .....                  (no boots)
Stlth    ++........             (no amulet)
HPRegen  0.09/turn              (no ring)
MPRegen  0.15/turn              (no ring)

@: very slightly contaminated
A: no striking features
a: no special abilities


You were on level 5 of the Dungeon.
You were near starving.

You visited 1 branch of the dungeon, and saw 5 of its levels.

You collected 169 gold pieces.

Inventory:

Armour
 a - a +0 robe
 b - a +1 hat (worn)
 j - a +0 leather armour
 k - a +2 leather armour of poison resistance (worn)
Jewellery
 c - a +3 amulet of reflection {unknown}
Scrolls
 f - 3 scrolls of remove curse
 g - a scroll of teleportation {unknown}
Potions
 e - a potion of degeneration
 i - a potion of flight {unknown}
Comestibles
 d - 7 rations


   Skills:
 - Level 0.6 Fighting
 + Level 2.6 Dodging
 - Level 2.4 Stealth
 + Level 6.9 Spellcasting
 * Level 3.0 Conjurations
 + Level 1.8 Summonings
 + Level 1.1 Translocations


You had 6 spell levels left.
You knew the following spells:

 Your Spells              Type           Power        Failure   Level  Hunger
a - Magic Dart            Conj           ###.         3%          1    None
b - Blink                 Tloc           N/A          13%         2    None
c - Call Imp              Summ           ###.....     10%         2    None
d - Conjure Flame         Conj/Fire      ###.....     21%         3    None
e - Mephitic Cloud        Conj/Pois/Air  ##......     26%         3    None

Your spell library contained the following spells:

 Spells                   Type           Power        Failure   Level  Hunger
 Slow                     Hex            #.......     21%         2    None


Dungeon Overview and Level Annotations

Branches:
Dungeon (5/15)
 Temple: D:4-7

Altars:
Cheibriados
Elyvilon

Portals:
Sewer: D:4


Message History

Casting: Mephitic Cloud (safe; 26% risk of failure)
Confirm with . or Enter, or press ? or * to list all spells.
Aiming: Magic Dart (safe; 3% risk of failure)
Press: ? - help, Shift-Dir - straight line, f/p - iguana
Aim: an iguana (lightly wounded)
The magic dart hits the iguana.
The iguana is heavily wounded.
The iguana bites you!
Casting: Magic Dart (safe; 3% risk of failure)
Confirm with . or Enter, or press ? or * to list all spells.
Aiming: Magic Dart (safe; 3% risk of failure)
Press: ? - help, Shift-Dir - straight line, f/p - iguana
Aim: an iguana (heavily wounded)
The magic dart hits the iguana but does no damage.
The iguana is heavily wounded.
The iguana bites you but does no damage.
The iguana bites you!
* * * LOW HITPOINT WARNING * * *
You feel better. The iguana bites you!
You die...

#....#....
#....#....#
#....#....#
#....#....#
#....#....#
##...##...##
##...##....#
#........l.#
#.........@#
#..........#
+..........#
#..........#
###..##..###
#####..#
...# ....#
.....#


You could see an iguana.

Vanquished Creatures
  2 adders
  2 oozes (D:3)
  2 worms (D:3)
  A dart slug (D:1)
  3 leopard geckos
  10 orcs
  A ball python (D:3)
  8 bats
  7 giant cockroaches
  7 goblins
  7 hobgoblins
  6 jackals
  11 kobolds
  A quokka (D:4)
  A frilled lizard (D:2)
  4 rats
73 creatures vanquished.

Vanquished Creatures (collateral kills)
  A centaur zombie (D:5)
  3 adders (D:2)
  3 orcs
  A giant cockroach (D:3)
  4 goblins
  A hobgoblin (D:3)
  A rat (D:1)
  A plant (D:1)
15 creatures vanquished.

Vanquished Creatures (others)
  2 fungi (D:3)
  A plant (D:1)
3 creatures vanquished.

Grand Total: 91 creatures vanquished

Notes
Turn   | Place    | Note
-------+----------+-------------------------------------------
     0 | D:1      | Lauz the Deep Elf Wizard began the quest for the Orb.
     0 | D:1      | Reached XP level 1. HP: 10/10 MP: 7/7
   352 | D:1      | Reached skill level 5 in Spellcasting
   352 | D:1      | Reached XP level 2. HP: 15/15 MP: 7/10
   438 | D:1      | Learned a level 2 spell: Blink
   441 | D:1      | Learned a level 2 spell: Call Imp
   946 | D:2      | Found a snail-covered altar of Cheibriados.
  1168 | D:2      | Reached XP level 3. HP: 12/19 MP: 4/12
  1576 | D:2      | Reached skill level 6 in Spellcasting
  1872 | D:2      | Reached XP level 4. HP: 24/24 MP: 11/14
  2896 | D:3      | Found a white marble altar of Elyvilon.
  3334 | D:3      | Learned a level 3 spell: Conjure Flame
  3338 | D:3      | Learned a level 3 spell: Mephitic Cloud
  3420 | D:3      | Reached XP level 5. HP: 28/28 MP: 6/16
  3757 | D:4      | Found a glowing drain.
  3809 | D:5      | Entered Level 5 of the Dungeon
  4150 | D:5      | Slain by an iguana

Skill      XL: |  1  2  3  4  5 |
---------------+----------------+-----
Spellcasting   | 5 6 |  6.9
Conjurations   | 2 3 |  3.0
Fighting       | |  0.6
Dodging        | |  2.6
Stealth        | |  2.4
Summonings     | |  1.8
Translocations | |  1.1

Action                   |  1- 3 |  4- 6 || total
-------------------------+-------+-------++-------
Melee: Unarmed           |     7 |       ||     7
 Cast: Magic Dart        |   101 |   127 ||   228
       Call Imp          |     8 |    16 ||    24
       Mephitic Cloud    |       |     6 ||     6
  Use: Potion            |     2 |     1 ||     3
       Scroll            |       |     6 ||     6
  Eat: Chunk             |     2 |     6 ||     8
Armor: Robe              |     7 |     4 ||    11
       Leather armour    |       |    14 ||    14
Dodge: Dodged            |    12 |    45 ||    57
